 Dungeon Crawl Stone Soup version 0.19.5 (console) character file.

122 PubliusNaso the Caller (level 4, 0/24 HPs)
             Began as a Deep Elf Summoner on Mar 20, 2017.
             Slain by a worm (11 damage)
             ... on level 3 of the Dungeon.
             The game lasted 00:28:28 (2289 turns).

PubliusNaso the Caller (Deep Elf Summoner)          Turns: 2289, Time: 00:28:28

Health: 0/24       AC:  3    Str:  5    XL:     4   Next: 78%
Magic:  12/12      EV: 14    Int: 21    God:
Gold:   211        SH:  0    Dex: 15    Spells: 2 memorised, 9 levels left

rFire  . . .     SeeInvis .     p - +0 short sword
rCold  . . .     Gourm    .     a - +0 robe
rNeg   . . .     Faith    .     (no shield)
rPois  .         Spirit   .     (no helmet)
rElec  .         Reflect  .     (no cloak)
rCorr  .         Harm     .     B - +0 pair of gloves
MR     .....                    (no boots)
Stlth  ++........               (no amulet)
                                (no ring)
                                (no ring)

@: no status effects
A: no striking features
a: no special abilities


You were on level 3 of the Dungeon.
You were not hungry.

You visited 1 branch of the dungeon, and saw 3 of its levels.

You collected 211 gold pieces.

Inventory:

Hand Weapons
 p - a +0 short sword (weapon)
 y - a +0 hunting sling
Missiles
 d - 20 bolts
 n - 15 sling bullets
 o - 50 arrows
 z - 27 stones (quivered)
Armour
 a - a +0 robe (worn)
 B - a +0 pair of gloves (worn)
Jewellery
 q - an uncursed ring of wizardry {unknown}
 s - an uncursed ring of ice {unknown}
 t - an uncursed ring of ice {unknown}
Scrolls
 e - a scroll of remove curse {unknown}
 g - 2 scrolls of enchant weapon {unknown}
 h - 2 scrolls of recharging {unknown}
 j - 2 scrolls of magic mapping {unknown}
 l - a scroll of identify {unknown}
 m - 2 scrolls of enchant armour {unknown}
 x - a scroll of random uselessness {unknown}
Potions
 i - a potion of brilliance {unknown}
 k - 2 potions of haste {unknown}
 r - a potion of cure mutation {unknown}
 u - a potion of berserk rage {unknown}
 w - 3 potions of heal wounds {unknown}
 A - a potion of magic {unknown}
Books
 b - a book of Callings

   Spells                             Type                      Level
   a - Summon Small Mammal            Summoning                    1
   b - Call Imp                       Summoning                    2
   c - Call Canine Familiar           Summoning                    3
   d - Summon Guardian Golem          Hexes/Summoning              3
   e - Summon Lightning Spire         Summoning/Air                4
   f - Summon Ice Beast               Ice/Summoning                4
Comestibles
 c - 3 bread rations
 f - 4 fruits
 v - 2 meat rations


   Skills:
 * Level 4.3 Dodging
 + Level 3.4 Stealth
 * Level 4.5 Spellcasting
 + Level 4.7 Summonings


You had 9 spell levels left.
You knew the following spells:

 Your Spells              Type           Power        Failure   Level  Hunger
a - Summon Small Mammal   Summ           ###.         1%          1    None
b - Call Imp              Summ           ###.....     2%          2    #......


Dungeon Overview and Level Annotations

Branches:
Dungeon (3/15)

Altars:


Message History

A - a yellow potion You see here a pair of gloves.
B - a pair of gloves
Casting: Summon Small Mammal
Confirm with . or Enter, or press ? or * to list all spells.
You don't know that spell.
Casting: Summon Small Mammal
Confirm with . or Enter, or press ? or * to list all spells.
Okay, then.
Wield which item (- for none, * to show all)? (? for menu, Esc to quit)
Okay, then.
Wear which item? (? for menu, Esc to quit)
You start putting on your armour.
You continue putting on your pair of gloves. x4
You finish putting on your +0 pair of gloves.
You see here a bat corpse.
You see here a mace.
A worm comes into view.
The worm bites you!
You die...

#### ######...#
#.@5.....#
#....w###)####
...######..# # ##.....##
#..##...# # ###.###.#.#
#. ##...##..#.## #.####
##..##...##..####
#.<...##......#####....#
#.....#.....#### #..†.#
.. #......## ##....#


You could see a worm and a friendly shadow imp.

Vanquished Creatures
  An orc wizard (D:3)
  An orc (D:3)
  A quokka (D:2)
  3 bats
  A kobold (D:2)
7 creatures vanquished.

Vanquished Creatures (collateral kills)
  A phantom (D:3)
  An ooze (D:3)
  2 dart slugs
  4 worms
  A leopard gecko (D:1)
  3 orcs (D:3)
  8 bats
  3 giant cockroaches (D:1)
  3 goblins
  8 hobgoblins
  4 jackals (D:1)
  6 kobolds
  3 quokkas
  A ball python (D:1)
  4 frilled lizards
  7 rats
59 creatures vanquished.

Grand Total: 66 creatures vanquished

Notes
Turn   | Place    | Note
-------+----------+-------------------------------------------
     0 | D:1      | PubliusNaso the Deep Elf Summoner began the quest for the Orb.
     0 | D:1      | Reached XP level 1. HP: 10/10 MP: 6/6
   421 | D:1      | Reached XP level 2. HP: 15/15 MP: 4/8
   756 | D:1      | Learned a level 2 spell: Call Imp
  1297 | D:2      | Reached XP level 3. HP: 13/19 MP: 7/10
  2102 | D:3      | Reached XP level 4. HP: 24/24 MP: 3/12
  2117 | D:3      | Noticed a phantom
  2237 | D:3      | Killed a phantom
  2289 | D:3      | Slain by a worm

Skill      XL: |  1  2  3  4 |
---------------+-------------+-----
Dodging        | 3 4 |  4.3
Stealth        | 3 |  3.4
Spellcasting   | 4 |  4.5
Summonings     | |  4.7

Action                   |  1- 3 |  4- 6 || total
-------------------------+-------+-------++-------
Melee: Short sword       |    26 |     8 ||    34
 Cast: Summon Small Mamm |   110 |    11 ||   121
       Call Imp          |     6 |     2 ||     8
 Stab: Sleeping          |     1 |     1 ||     2
       Distracted        |     1 |       ||     1
  Eat: Bread ration      |     1 |       ||     1
Armor: Robe              |    17 |       ||    17
Dodge: Dodged            |    85 |     3 ||    88
